 Dungeon Sprint DCSS version 0.30-a0-802-gb92711bcdf (webtiles) character file.

Game seed: 10504937572639302616

5300000 BigDaddyOpFi the Acrobat (level 24, -3/196 HPs)
             Began as a Djinni Warper on Feb 23, 2023.
             Was the Champion of Makhleb.
             Slain by The Servant
             ... wielding a +9 glaive of flaming
              (13 damage)
             ... in the Dungeon (Sprint VIII: "Arena of Blood").
             The game lasted 00:01:09 (53 turns).

BigDaddyOpFi the Acrobat (Djinni Warper)              Turns: 53, Time: 00:01:10

Health: -3/196     AC:  6    Str: 10    XL:     24   Next: 38%
Gold:   0          EV: 33    Int: 17    God:    Makhleb [******] SH:  0 Dex: 23

rFire   + + .      SeeInvis .    h - +∞ Axe of Woe
rCold   x . .      Faith    .    (shield currently unavailable)
rNeg    . . .      Spirit   .    a - +0 leather armour
rPois   ∞          Reflect  .    (no helmet)
rElec   .          Harm     .    (no cloak)
rCorr   .          Rampage  .    (no gloves)
Will    ++...      NoTele   +    (boots unavailable)
Stlth   ++++++++                 (no amulet)
HPRegen 0.52/turn                (no ring)
MPRegen 0.00/turn                (no ring)

@: flying
A: sickness immunity, fire resistance 2, cold vulnerability 1, float, innate
caster, HP casting, extra vitality 1
a: Renounce Religion, Minor Destruction, Lesser Servant of Makhleb, Major
Destruction, Greater Servant of Makhleb


You were in the Dungeon.
You worshipped Makhleb.
Makhleb was exalted by your worship.
You visited 1 branch

Inventory:

Hand Weapons
 h - the +∞ Axe of Woe (weapon)
   (You found it in the Dungeon)
Missiles
 c - 7 boomerangs of dispersal (quivered)
Armour
 a - a +0 leather armour (worn)
Scrolls
 b - 2 scrolls of blinking
Potions
 d - a potion of curing
 e - a potion of heal wounds
 f - a potion of haste
 g - a potion of berserk rage


   Skills:
 + Level 23.3 Fighting
 + Level 21.5 Long Blades
 + Level 19.9(25.8) Axes
 + Level 20.0(25.8) Maces & Flails
 + Level 20.0(25.8) Polearms
 + Level 21.6(27) Staves
 + Level 20.1 Ranged Weapons
 + Level 20.0 Throwing
 + Level 23.3 Armour
 + Level 25.2 Dodging
 + Level 21.6 Stealth
 + Level 23.2 Shields
 + Level 23.4 Unarmed Combat
 + Level 18.6 Spellcasting
 + Level 23.3 Invocations
 + Level 23.3 Evocations


You knew the following spells:

 Your Spells              Type           Power      Damage    Failure   Level
a - Blink                 Tloc           100%       N/A       0%          2
b - Lesser Beckoning      Tloc           100%       N/A       0%          2
c - Vhi's Electric Charg  Tloc/Air       100%       N/A       0%          3
d - Teleport Other        Tloc           68%        N/A       0%          3
e - Manifold Assault      Tloc           68%        N/A       1%          4
f - Sandblast             Erth           100%       2d20      0%          1
g - Scorch                Fire           100%       2d10      0%          2
h - Mephitic Cloud        Conj/Pois/Air  68%        N/A       0%          3
i - Summon Lightning Spi  Summ/Air       68%        N/A       1%          4
j - Iskenderun's Battles  Conj           68%        2d12      1%          5
k - Blade Hands           Tmut           34%        N/A       1%          5
l - Iron Shot             Conj/Erth      34%        9d7       1%          6
m - Orb of Destruction    Conj           34%        9d10      1%          7
n - Dragon Form           Tmut           34%        N/A       1%          7
o - Lehudib's Crystal Sp  Conj/Erth      34%        10d9      12%         8
p - Infestation           Necr           34%        N/A       12%         8
Your spell library was empty.

Dungeon Overview and Level Annotations

Branches:
Dungeon (1/1)

Altars:
Makhleb

Annotations:
D The Servant


Innate Abilities, Weirdness & Mutations

You are immune to sickness and miasma.
You are immune to poison.
Your flesh is very heat resistant. (rF++)
You are vulnerable to cold. (rC-)
You float through the air rather than walking.
You learn spells naturally, not from books.
Your magical power is your life essence.
You have superior vitality. (+4 MHP)


Message History

You kill the bag of meat!
Makhleb accepts your kill.
You feel better.
You hit the bag of meat but do no damage.
You butcher the bag of meat messily.
You kill the bag of meat!
Makhleb accepts your kill.
You hear a shout!
You hear two shouts!
You hear a shout! x4
A bag of meat comes into view. It is wielding a +9 war axe.
You hear a shout! x3
Your base Maces & Flails skill increases to level 20!
Your base Polearms skill increases to level 20!
Your Ranged Weapons skill increases to level 20!
Your Throwing skill increases to level 20!
Your Armour skill increases to level 23!
Your Dodging skill increases to level 25!
Your Shields skill increases to level 23!
Your Invocations skill increases to level 23!
Your Evocations skill increases to level 23!
Unknown command.
You hear a shout! x2
The tyrant waves its bony arms in wide circles.
The air twists around and strikes you!!!
A bag of meat comes into view. It is wielding a +9 war axe.
A sculptor of flesh comes into view. It is wielding a +9 great sword.
You hear a shout! x6
Items here: ))) === ††.
Unknown command.
The accursed appears out of thin air!
An accursed comes into view.
You hear a shout! x5
The bag of meat is engulfed in blazing flames.
The bag of meat hits you with a +9 war axe!
You hear a shout! x2
The Servant is engulfed in blazing flames.
The Servant hits you from afar with a +9 glaive of flaming!!!!
Ouch! That really hurt!
* * * LOW HITPOINT WARNING * * *
The Servant burns you!
You die...

.. ..... #.
...# #.o ...# .
.###.o ...###..
.....o###...o.o
ooO.oo_..O..
#o)o))# #_@L@_#
#.†)o)#
......_..M..
......###o.....
.###.. .o.###..
#.. ...# . #.
...# .. .....


You could see an accursed (wandering), a tyrant (fast), The Servant, 2 meat
berserkers and 12 bags of meat.

Vanquished Creatures
  5 vampire knights (D)
  15 ogres (D)
  3 two-headed ogres (D)
  36 orcs (D)
  2 skeletal warriors (D)
61 creatures vanquished.

Vanquished Creatures (others)
  A hydra (D)
  An orc (D)
2 creatures vanquished.

Grand Total: 63 creatures vanquished

Notes
Turn   | Place    | Note
-------+----------+-------------------------------------------
     0 | D        | Found the +∞ Axe of Woe
     0 | D        | BigDaddyOpFi the Djinni Warper began the quest for the Orb.
     0 | D        | BigDaddyOpFi set off with the following spells memorised:
                  | Blink, Lesser Beckoning, Vhi's Electric Charge, Teleport
                  | Other, Manifold Assault.
     0 | D        | Reached XP level 1. HP: 18/18 MP: 0/0
     2 | D        | Noticed a bag of meat
     2 | D        | Noticed a bag of meat
     3 | D        | Noticed a bag of meat
     3 | D        | Noticed a bag of meat
     4 | D        | Became a worshipper of Makhleb the Destroyer
     4 | D        | Noticed a bag of meat
     4 | D        | Noticed a bag of meat
     5 | D        | Noticed a meat berserker
     5 | D        | Noticed a bag of meat
     6 | D        | Noticed a meat berserker
     7 | D        | Killed a meat berserker
     7 | D        | Noticed a bag of meat
     8 | D        | Reached skill level 9 in Dodging
     8 | D        | Reached XP level 2. HP: 32/32 MP: 0/0
     8 | D        | Reached XP level 3. HP: 37/37 MP: 0/0
     8 | D        | Learned a level 1 spell: Sandblast
     8 | D        | Reached XP level 4. HP: 43/43 MP: 0/0
     8 | D        | Reached XP level 5. HP: 48/48 MP: 0/0
     8 | D        | Learned a level 2 spell: Scorch
     8 | D        | Reached XP level 6. HP: 54/54 MP: 0/0
     8 | D        | Reached XP level 7. HP: 58/58 MP: 0/0
     8 | D        | Learned a level 3 spell: Mephitic Cloud
     8 | D        | Reached XP level 8. HP: 65/65 MP: 0/0
     8 | D        | Reached XP level 9. HP: 70/70 MP: 0/0
     8 | D        | Learned a level 4 spell: Summon Lightning Spire
     8 | D        | Reached XP level 10. HP: 76/76 MP: 0/0
     8 | D        | Reached XP level 11. HP: 81/81 MP: 0/0
     8 | D        | Learned a level 5 spell: Iskenderun's Battlesphere
     8 | D        | Reached XP level 12. HP: 86/86 MP: 0/0
     8 | D        | Killed a bag of meat
     8 | D        | Reached * piety under Makhleb
     8 | D        | Killed a bag of meat
     8 | D        | Noticed a bag of meat
     9 | D        | Reached skill level 10 in Dodging
     9 | D        | Reached XP level 13. HP: 94/94 MP: 0/0
     9 | D        | Learned a level 5 spell: Blade Hands
     9 | D        | Killed a bag of meat
     9 | D        | Killed a meat berserker
     9 | D        | Reached ** piety under Makhleb
     9 | D        | Noticed a bag of meat
     9 | D        | Noticed a bag of meat
     9 | D        | Noticed a meat berserker
    10 | D        | Reached skill level 10 in Fighting
    10 | D        | Reached skill level 10 in Armour
    10 | D        | Reached skill level 11 in Dodging
    10 | D        | Reached skill level 10 in Shields
    10 | D        | Reached skill level 10 in Unarmed Combat
    10 | D        | Reached skill level 10 in Invocations
    10 | D        | Reached skill level 10 in Evocations
    10 | D        | Reached XP level 14. HP: 59/103 MP: 0/0
    10 | D        | Killed a bag of meat
    10 | D        | Killed a bag of meat
    11 | D        | Reached skill level 10 in Long Blades
    11 | D        | Reached skill level 10 in Staves
    11 | D        | Reached skill level 12 in Dodging
    11 | D        | Reached skill level 10 in Stealth
    11 | D        | Reached XP level 15. HP: 71/111 MP: 0/0
    11 | D        | Learned a level 6 spell: Iron Shot
    11 | D        | Reached *** piety under Makhleb
    12 | D        | Noticed a meat berserker
    13 | D        | Reached skill level 10 in Axes
    13 | D        | Reached skill level 10 in Maces & Flails
    13 | D        | Reached skill level 10 in Polearms
    13 | D        | Reached skill level 10 in Ranged Weapons
    13 | D        | Reached skill level 10 in Throwing
    13 | D        | Reached skill level 13 in Dodging
    13 | D        | Reached XP level 16. HP: 118/118 MP: 0/0
    14 | D        | Killed a meat berserker
    14 | D        | Reached **** piety under Makhleb
    15 | D        | Reached skill level 14 in Dodging
    15 | D        | Reached skill level 10 in Spellcasting
    16 | D        | Reached XP level 17. HP: 127/127 MP: 0/0
    16 | D        | Learned a level 7 spell: Orb of Destruction
    17 | D        | Reached skill level 15 in Dodging
    17 | D        | Noticed a large bag of meat
    17 | D        | Killed a meat berserker
    17 | D        | Reached ***** piety under Makhleb
    18 | D        | Noticed a destroyer
    18 | D        | Noticed a destroyer
    20 | D        | Noticed a meat berserker
    21 | D        | Reached skill level 15 in Fighting
    21 | D        | Reached skill level 15 in Armour
    21 | D        | Reached skill level 16 in Dodging
    21 | D        | Reached skill level 15 in Shields
    21 | D        | Reached skill level 15 in Unarmed Combat
    21 | D        | Reached skill level 15 in Evocations
    21 | D        | Reached XP level 18. HP: 138/138 MP: 0/0
    21 | D        | Noticed a meat berserker
    22 | D        | Reached skill level 15 in Invocations
    22 | D        | Noticed a meat berserker
    23 | D        | Killed a large bag of meat
    23 | D        | Killed a destroyer
    23 | D        | Reached ****** piety under Makhleb
    24 | D        | Reached skill level 15 in Long Blades
    24 | D        | Reached skill level 15 in Staves
    24 | D        | Reached skill level 18 in Dodging
    24 | D        | Reached skill level 15 in Stealth
    24 | D        | Reached XP level 19. HP: 138/147 MP: 0/0
    24 | D        | Learned a level 7 spell: Dragon Form
    24 | D        | Killed a meat berserker
    24 | D        | Killed a destroyer
    24 | D        | Noticed a meat berserker
    24 | D        | Noticed a destroyer
    25 | D        | Reached skill level 19 in Dodging
    25 | D        | Reached XP level 20. HP: 64/155 MP: 0/0
    25 | D        | Killed a meat berserker
    25 | D        | Noticed a large bag of meat
    25 | D        | Noticed an eight-headed meat hydra
    26 | D        | Reached skill level 15 in Axes
    26 | D        | Reached skill level 15 in Maces & Flails
    26 | D        | Reached skill level 15 in Polearms
    26 | D        | Reached skill level 15 in Ranged Weapons
    26 | D        | Reached skill level 15 in Throwing
    26 | D        | Noticed a large bag of meat
    27 | D        | Killed a meat berserker
    27 | D        | Noticed a meat berserker
    28 | D        | Killed a destroyer
    29 | D        | Reached skill level 20 in Dodging
    29 | D        | Noticed a destroyer
    30 | D        | Killed a meat berserker
    31 | D        | Reached XP level 21. HP: 65/164 MP: 0/0
    31 | D        | Learned a level 8 spell: Lehudib's Crystal Spear
    31 | D        | Noticed a meat berserker
    32 | D        | Killed a meat berserker
    33 | D        | Reached skill level 15 in Spellcasting
    34 | D        | Killed a large bag of meat
    34 | D        | Killed a large bag of meat
    35 | D        | Noticed a destroyer
    35 | D        | Killed an eight-headed meat hydra
    37 | D        | Killed a meat berserker
    38 | D        | Reached skill level 21 in Dodging
    38 | D        | Killed a destroyer
    38 | D        | Noticed a meat berserker
    39 | D        | Killed a destroyer
    39 | D        | Noticed a meat berserker
    40 | D        | Reached skill level 22 in Dodging
    40 | D        | Reached XP level 22. HP: 173/176 MP: 0/0
    41 | D        | Noticed a meat berserker
    42 | D        | Noticed a meat berserker
    42 | D        | Noticed The Servant
    43 | D        | Noticed a meat berserker
    44 | D        | Killed a meat berserker
    45 | D        | Killed a meat berserker
    46 | D        | Reached skill level 23 in Dodging
    46 | D        | Killed a meat berserker
    47 | D        | Reached XP level 23. HP: 185/185 MP: 0/0
    47 | D        | Learned a level 8 spell: Infestation
    48 | D        | Noticed a tyrant
    49 | D        | Reached skill level 24 in Dodging
    51 | D        | Reached XP level 24. HP: 165/196 MP: 0/0
    52 | D        | Reached skill level 25 in Dodging
    53 | D        | Slain by The Servant

Illustrated notes

Levels and vault maps discovered:
D:        meatsprint

Skill      XL: |  1  2  3  4  5  6  7  8  9 10 11 12 13 14 15 16 17 18 19 20 21 22 23 24 |
---------------+-------------------------------------------------------------------------+-----
Fighting       | 7 9 10 11 12 13 15 16 17 18 20 21 23 | 23.3
Long Blades    | 6 8 9 10 12 13 15 16 17 18 20 21 | 21.5
Axes           | 6 7 8 9 10 11 12 13 14 15 17 18 19 | 19.9
Maces & Flails | 6 7 8 9 10 11 12 14 15 17 18 19 20 | 20.0
Polearms       | 6 7 8 9 10 11 12 14 15 17 18 19 20 | 20.0
Staves         | 6 8 9 10 11 12 13 15 16 17 18 20 21 | 21.6
Ranged Weapons | 6 7 8 9 10 11 12 14 15 17 18 19 20 | 20.1
Throwing       | 6 7 8 9 10 11 12 14 15 17 18 19 20 | 20.0
Armour         | 7 9 10 11 12 13 15 16 17 18 20 21 22 23 | 23.3
Dodging        | 9 10 11 12 13 14 16 18 19 20 22 23 24 25 | 25.2
Stealth        | 6 8 9 10 11 12 13 15 16 17 18 20 21 | 21.6
Shields        | 7 9 10 11 12 13 15 16 17 18 20 21 22 23 | 23.2
Unarmed Combat | 8 9 10 11 12 13 15 16 17 18 20 22 23 | 23.4
Spellcasting   | 6 7 8 9 10 12 13 14 16 17 18 | 18.6
Invocations    | 7 8 10 11 13 14 16 17 18 20 21 22 23 | 23.3
Evocations     | 7 9 10 11 12 13 15 16 17 18 20 21 22 23 | 23.3

Action                     |  1- 3 |  4- 6 |  7- 9 | 10-12 | 13-15 | 16-18 | 19-21 | 22-24 || total
---------------------------+-------+-------+-------+-------+-------+-------+-------+-------++-------
  Melee: Executioner's axe |     1 |       |       |     1 |     4 |     8 |    12 |     8 ||    34

Table legend: (Time is in decaauts)
 A = Elapsed time spent in this place.
 B = Non-inter-level travel time spent in this place.
 C = Inter-level travel time spent in this place.
 D = Time resting spent in this place.
 E = Time spent auto-exploring this place.
 F = Levels seen in this place.
 G = Mean time per level.
                   A        B        C        D        E       F      G
               +--------+--------+--------+--------+--------+-----+--------+
         Total |     52 |     52 |      0 |      0 |      0 |   1 |   52.0 |
       Dungeon |     52 |     52 |      0 |      0 |      0 |   1 |   52.0 |
               +--------+--------+--------+--------+--------+-----+--------+

Top non-repeatable levels by time:
       D: 52 daAuts
